 Dungeon Crawl Stone Soup version 0.32-a0-576-g706899e69d (webtiles) character file.

Game seed: 7846907828234185231

231 Dittersdorf the Trooper (level 6, 0/39 HPs)
             Began as a Gargoyle Fighter on Mar 1, 2024.
             Killed from afar by an orc wizard (7 damage)
             ... with a puff of flame
             ... on level 3 of the Dungeon.
             The game lasted 00:03:00 (1824 turns).

Dittersdorf the Trooper (Gargoyle Fighter)          Turns: 1824, Time: 00:03:00

Health: 0/39       AC: 12    Str: 22    XL:     6   Next: 3%
Magic:  15/15      EV:  9    Int:  8    God:
Gold:   128        SH:  4    Dex:  9    Spells: 5/5 levels left

rFire   . . .        a - +0 flail
rCold   + . .        c - +0 buckler
rNeg    + . .        b - +0 scale mail
rPois   ∞            (no helmet)
rElec   +            g - +0 cloak
rCorr   .            (no gloves)
SInv    .            (no boots)
Will    .....        (no amulet) Stlth
                     h - ring of protection from cold
HPRegen 0.26/turn    l - ring of magical power
MPRegen 0.14/turn

%: no passive effects
@: no status effects
A: sickness immunity, AC +4, negative energy resistance 1, electricity
resistance, torment resistance 1, petrification resistance
a: no special abilities


You were on level 3 of the Dungeon.
You visited 1 branch of the dungeon, and saw 3 of its levels.

You collected 128 gold pieces.

Inventory:

Hand Weapons
 a - a +0 flail (weapon)
Armour
 b - a +0 scale mail (worn)
 c - a +0 buckler (worn)
 g - a +0 cloak (worn)
Jewellery
 h - a ring of protection from cold (left hand)
 l - a ring of magical power (right hand)
Scrolls
 e - a scroll of noise {unknown}
 i - a scroll of silence {unknown}
 j - a scroll of revelation {unknown}
 k - a scroll of identify {unknown}
 m - a scroll of summoning {unknown}
Potions
 d - a potion of might
 f - a potion of brilliance {unknown}


   Skills:
 + Level 4.5 Fighting
 + Level 3.4 Maces & Flails
 + Level 4.5 Armour
 + Level 4.5 Shields


You had 5 spell levels left.
You didn't know any spells.
Your spell library was empty.

Dungeon Overview and Level Annotations

Branches:
Dungeon (3/15)

Altars:

Shops:
D:1 *


Innate Abilities, Weirdness & Mutations

You are immune to sickness and miasma.
Your stone body is resilient. (AC +4)
You are immune to poison.
You resist negative energy. (rN+)
You are resistant to electric shocks. (rElec)
You are resistant to unholy torment.
You are immune to petrification.


Message History

You block the orc's attack. The orc barely misses you.
You thump the orc priest!
You kill the orc priest!
The orc wizard points at you and mumbles some strange words.
You are confused.
The orc hits you from afar with a +0 trident.
The orc hits you but does no damage. The orc wizard barely misses you.
You have reached level 6!
You barely miss the orc wizard.
The orc wizard is moderately wounded.
The orc barely misses you.
The orc wizard hits you but does no damage.
The orc hits you but does no damage.
The orc wizard points at you and mumbles some strange words.
The puff of flame hits you!
* * * LOW HITPOINT WARNING * * *
The orc attacks as it pursues you! The orc hits you but does no damage.
You bump into the stone wall.
The orc hits you but does no damage.
You bump into the stone wall.
The orc hits you but does no damage. x2
The orc wizard barely misses you.
You barely miss the orc wizard.
The orc wizard is moderately wounded.
The orc hits you from afar with a +0 trident.
* * * LOW HITPOINT WARNING * * *
The orc hits you but does no damage. The orc wizard misses you.
The orc barely misses you. The orc wizard barely misses you.
The orc hits you but does no damage.
You feel less confused. The orc attacks as it pursues you!
The orc hits you but does no damage. The orc closely misses you.
You closely miss the orc.
The orc wizard hits you but does no damage.
The orc hits you but does no damage. The orc hits you with a +0 dagger.
* * * LOW HITPOINT WARNING * * *
The orc wizard barely misses you.
You thump the orc!
You kill the orc!
The orc wizard points at you and mumbles some strange words.
The puff of flame hits you!
You die...

#.......# #.#. .#
#..###### #.#.. ..#
#....#######.#.. ..#
#..).........#.(###..#
####.######..#.......#
#..# #..#....)..#
#####.#####..####o####.#
...........>....)o.....#
.###........#...@...##.#
#.....######..........#
#................$.####
###########.##'##### #.
#.. #( #### #. #.


You could see an orc wizard and an orc.

Vanquished Creatures
  2 orc priests (D:3)
  Terence (D:2)
  2 orc wizards
  A gnoll (D:1)
  2 adders
  2 dart slugs
  2 orcs
  7 bats
  3 endoplasms (D:1)
  2 giant cockroaches (D:2)
  11 goblins
  10 hobgoblins
  3 jackals (D:3)
  2 quokkas
  5 ball pythons
  5 frilled lizards
  2 kobolds
  2 rats
64 creatures vanquished.

Notes
Turn   | Place    | Note
-------+----------+-------------------------------------------
     0 | D:1      | Dittersdorf the Gargoyle Fighter began the quest for the
                  | Orb.
     0 | D:1      | Reached XP level 1. HP: 14/14 MP: 1/1
    79 | D:1      | Reached XP level 2. HP: 17/19 MP: 2/2
   258 | D:1      | Reached XP level 3. HP: 23/23 MP: 3/3
   506 | D:1      | Found Qeikok's General Store.
   810 | D:2      | Reached XP level 4. HP: 29/29 MP: 4/4
   988 | D:2      | Noticed Terence
  1010 | D:2      | Killed Terence
  1547 | D:3      | Reached XP level 5. HP: 26/33 MP: 5/5
  1817 | D:3      | Reached XP level 6. HP: 17/39 MP: 6/6
  1824 | D:3      | Killed from afar by an orc wizard

Illustrated notes

Levels and vault maps discovered:
D:1:      eino_arrival_cavern_c, layout_rooms, serial_shops, shop,
          serial_park_tiny_1
D:2:      layout_rooms, minmay_tripent, uniq_terence
D:3:      layout_basic, hellmonk_ecumenical_altar_inner_sanctum

Skill      XL: |  1  2  3  4 |
---------------+-------------+-----
Fighting       | 4 |  4.5
Armour         | 4 |  4.5
Shields        | 4 |  4.5
Maces & Flails | 3 |  3.4

Action                     |  1- 3 |  4- 6 || total
---------------------------+-------+-------++-------
  Melee: Flail             |   120 |   100 ||   220
 Armour: Scale mail        |   113 |   117 ||   230
  Dodge: Dodged            |    80 |    93 ||   173
  Block: Buckler           |    29 |    38 ||    67

Table legend: (Time is in decaauts)
 A = Elapsed time spent in this place.
 B = Non-inter-level travel time spent in this place.
 C = Inter-level travel time spent in this place.
 D = Time resting spent in this place.
 E = Time spent auto-exploring this place.
 F = Levels seen in this place.
 G = Mean time per level.
                   A        B        C        D        E       F      G
               +--------+--------+--------+--------+--------+-----+--------+
         Total |   1891 |   1831 |     60 |     26 |   1265 |   3 |  630.3 |
       Dungeon |   1891 |   1831 |     60 |     26 |   1265 |   3 |  630.3 |
               +--------+--------+--------+--------+--------+-----+--------+

Top non-repeatable levels by time:
     D:1: 774 daAuts
     D:2: 620 daAuts
     D:3: 496 daAuts
